 Dungeon Crawl Stone Soup version 0.19-a0-1216-g363869b (webtiles) character file.

35258 hairmachine the Bludgeoner (level 13, -12/119 HPs)
             Began as a Minotaur Gladiator on Aug 23, 2016.
             Was the Champion of Okawaru.
             Splashed by an oklob plant's acid (14 damage)
             ... on level 5 of the Lair of Beasts.
             The game lasted 00:46:53 (15903 turns).

hairmachine the Bludgeoner (Minotaur Gladiator)    Turns: 15903, Time: 00:46:55

Health: -12/119    AC: 14    Str: 20    XL:     13   Next: 46%
Magic:  17/17      EV: 20    Int:  9    God:    Okawaru [******]
Gold:   1038       SH:  0    Dex: 16    Spells: 0 memorised, 12 levels left

rFire  . . .     SeeInvis +     T - +5 dire flail (elec)
rCold  . . .     Gourm    .     B - +1 scale mail {MR+}
rNeg   . . .     Faith    +     (shield currently unavailable)
rPois  +         Spirit   .     d - +2 hat {SInv}
rElec  .         Dismiss  .     I - +0 cloak
rCorr  .         Reflect  .     C - +0 pair of gloves
MR     +....     Harm     .     G - +2 pair of boots {run}
Stlth  ..........               R - amulet of faith
                                y - +5 ring of evasion
                                D - ring "Riet" {rPois Int+4}

@: confused, corroded, very slightly contaminated, quick
A: retaliatory headbutt, horns 2
a: Heroism, Finesse, Renounce Religion


You were on level 5 of the Lair of Beasts.
You worshipped Okawaru.
Okawaru was exalted by your worship.
You were hungry.

You visited 2 branches of the dungeon, and saw 16 of its levels.
You also visited: Ossuary and Ice Cave.

You collected 1038 gold pieces.

Inventory:

Hand Weapons
 a - a +0 flail
 T - a +5 dire flail of electrocution (weapon)
Missiles
 j - 6 steel javelins (quivered)
 m - 2 throwing nets
 p - 168 bolts
 w - 10 javelins of penetration
Armour
 d - a +2 hat of see invisible (worn)
 B - a +1 scale mail of magic resistance (worn)
 C - a +0 pair of gloves (worn)
 G - a +2 pair of boots of running (worn)
 I - a +0 cloak (worn)
Rods
 K - a +2 rod of ignition (11/11)
   (You found it on level 5 of the Lair of Beasts)
 V - a +5 lightning rod (12/12)
   (You found it in an ice cave)
Jewellery
 i - an uncursed ring of protection from cold
 y - a +5 ring of evasion (right hand)
 D - the ring "Riet" (left hand) {rPois Int+4}
   (You found it on level 6 of the Dungeon)

   [ring of intelligence]

   It affects your intelligence (+4).
   It protects you from poison.
 R - an amulet of faith (around neck)
Wands
 g - a wand of digging (8/24)
 F - a wand of acid (8/15)
 N - a wand of iceblast (2/15)
Scrolls
 e - 3 scrolls of remove curse
 k - a scroll of recharging
 l - 3 scrolls of blinking
 o - 2 scrolls of fear
 s - a scroll of identify
 u - a scroll of amnesia {unknown}
 x - 2 scrolls of immolation {unknown}
 z - a scroll of acquirement {unknown}
 J - 4 scrolls of teleportation
 Q - 5 scrolls of fog
 X - a scroll of enchant armour {unknown}
 Y - a scroll of random uselessness {unknown}
Potions
 b - a potion of cure mutation
 q - 10 potions of curing
 r - a potion of resistance
 t - a potion of magic {unknown}
 A - a potion of brilliance
 H - 2 potions of ambrosia
 L - 2 potions of might
 M - 2 potions of flight
 P - a potion of agility {unknown}
 S - 2 potions of haste {unknown}
 W - a potion of invisibility {unknown}
Comestibles
 c - 11 chunks of flesh
 f - 10 bread rations
 h - 14 meat rations
 n - 2 royal jellies
 v - 5 slices of pizza
 O - 4 beef jerkies
 Z - 41 fruits


   Skills:
 + Level 12.7 Fighting
 + Level 17.2 Maces & Flails
 - Level 2.0 Throwing
 + Level 10.6 Armour
 + Level 8.3 Dodging
 - Level 7.6 Invocations
 + Level 3.8 Evocations


You had 12 spell levels left.
You didn't know any spells.

Dungeon Overview and Level Annotations

Branches:
Dungeon (10/15)            Temple (0/1) D:6            Lair (6/6) D:10
 Shoals (0/4) Lair:3       Spider (0/4) Lair:4        Slime (0/5) Lair:6
    Orc (0/2) D:9

Altars:
Cheibriados
Gozag
Makhleb
Okawaru
Yredelemnul
The Shining One
Beogh

Shops:
D:5 }

Annotations:
Lair:5 exclusion: 4 oklob plants


Innate Abilities, Weirdness & Mutations

You reflexively headbutt those who attack you in melee.
You have a pair of horns on your head.


Message History

The acid corrodes you!
The acid burns!
* * * LOW HITPOINT WARNING * * *
You feel much better. The oklob plant spits acid at you.
The splash of acid hits you!
* * * LOW HITPOINT WARNING * * *
The acid burns!
* * * LOW HITPOINT WARNING * * *
The oklob plant spits acid at you. The splash of acid hits you!
The acid burns!
* * * LOW HITPOINT WARNING * * *
Okay, then.
You are confused.
You feel invigorated. The oklob plant spits acid at you.
The splash of acid hits you! The acid corrodes you!
The acid burns!
* * * LOW HITPOINT WARNING * * *
The oklob plant spits acid at you. The splash of acid hits you!
The acid burns!
You die...

##### #>>># #####†..####*
## #P≈≈.....≈≈P* .######
#P≈.......≈P#
......#######P≈.......≈P#
....P#..#.#.#P≈.Y.....≈P#
###.........#P≈.@.....≈P#
# #.#.#.....#P≈≈.....≈≈P#
######..#.P#######+#####*
.P# #######*,,**,,** .##
*,,,,,,,,* .# ***
**,,**,*** .## *,**
**,,,,*
..##***,******,,,**
.....,,,,,,,,*,,**


You could see 4 oklob plants and a sheep.

Vanquished Creatures
  Gastronok (D:8)
  A frost giant (IceCv)
  2 hydras
  5 death yaks
  Sonja (Lair:3)
  Pikel (D:7)
  2 hill giants (D:10)
  2 griffons
  A siren (Lair:3)
  7 elephants
  3 black mambas
  An ice statue (IceCv)
  8 spiny frogs
  3 rime drakes
  4 komodo dragons
  A merfolk (D:9)
  A jumping spider (Lair:4)
  13 polar bears
  2 trolls
  9 blink frogs (Lair:1)
  A two-headed ogre (D:10)
  A redback (Lair:4)
  16 yaks
  2 basilisks
  4 hippogriffs
  The ghost of Torax the Poker, an amateur MfAK of Lugonu (D:4)
  2 hungry ghosts (D:8)
  Menkaure (D:7)
  8 water moccasins
  Duvessa (D:6)
  4 porcupines
  A sky beast (D:4)
  An orc warrior (D:9)
  2 ice beasts
  An eye of draining (D:7)
  3 ogres
  26 wolves
  2 centaurs
  A phantom (D:4)
  14 crocodiles
  A big kobold (D:9)
  13 giant frogs
  Dowan (D:6)
  A wyvern skeleton (D:8)
  2 scorpions
  4 killer bees (D:8)
  2 howler monkeys (D:8)
  A jelly (D:9)
  2 crimson imps
  A quasit (D:7)
  A centaur zombie (D:10)
  2 hounds (D:10)
  5 orc wizards
  3 orc priests (D:9)
  7 iguanas
  4 worker ants
  10 sheep
  A big kobold zombie (Ossuary)
  A hound skeleton (D:4)
  8 adders
  8 river rats (Lair:3)
  2 shadow imps (D:9)
  12 white imps (Lair:2)
  4 oozes
  An adder zombie (D:6)
  An adder skeleton (D:9)
  A worm (D:2)
  2 dart slugs
  6 giant geckos
  26 orcs
  A ball python (D:6)
  4 giant cockroaches
  7 goblins
  7 hobgoblins
  11 jackals
  6 kobolds
  5 quokkas
  5 bats
  A giant gecko skeleton (D:4)
  4 giant newts
  6 hobgoblin zombies (Ossuary)
  A jackal zombie (Ossuary)
  4 kobold zombies (Ossuary)
  11 orc zombies (Ossuary)
  40 rats
406 creatures vanquished.

Vanquished Creatures (others)
  2 polar bears (IceCv)
  2 yaks (IceCv)
  8 wolves (IceCv)
  A giant frog (D:7)
  A crimson imp (D:7)
  A giant frog skeleton (D:7)
  A fungus (Lair:3)
  A plant (Lair:3)
17 creatures vanquished.

Grand Total: 423 creatures vanquished

Notes
Turn   | Place    | Note
-------+----------+-------------------------------------------
     0 | D:1      | hairmachine the Minotaur Gladiator began the quest for the Orb.
     0 | D:1      | Reached XP level 1. HP: 18/18 MP: 0/0
    10 | D:1      | Reached skill level 4 in Maces & Flails
    17 | D:1      | Reached XP level 2. HP: 23/25 MP: 1/1
   559 | D:1      | Reached skill level 5 in Maces & Flails
   789 | D:1      | Reached XP level 3. HP: 30/30 MP: 2/2
   970 | D:2      | Found an iron altar of Okawaru.
  1002 | D:2      | Became a worshipper of Warmaster Okawaru
  1445 | D:2      | Reached XP level 4. HP: 33/37 MP: 3/3
  1451 | D:2      | Reached skill level 6 in Maces & Flails
  2436 | D:3      | Reached XP level 5. HP: 42/42 MP: 4/4
  2464 | D:3      | Reached skill level 7 in Maces & Flails
  2716 | D:4      | Noticed Torax's ghost (amateur MfAK)
  2814 | D:4      | Killed Torax's ghost
  2814 | D:4      | Reached * piety under Okawaru
  2814 | D:4      | Reached skill level 8 in Maces & Flails
  2814 | D:4      | Reached XP level 6. HP: 21/50 MP: 5/5
  3078 | D:4      | Found a sand-covered staircase.
  3085 | Ossuary  | Entered an ossuary
  3561 | D:4      | Reached skill level 9 in Maces & Flails
  3639 | D:4      | Reached ** piety under Okawaru
  3664 | D:4      | Noticed a sky beast
  3674 | D:4      | Killed a sky beast
  3674 | D:4      | Reached XP level 7. HP: 56/56 MP: 6/6
  3795 | D:5      | Entered Level 5 of the Dungeon
  3953 | D:5      | Reached skill level 10 in Maces & Flails
  4122 | D:5      | Found Ofeuklu's Gadget Emporium.
  4150 | D:5      | Found a glowing golden altar of the Shining One.
  4158 | D:5      | Found a snail-covered altar of Cheibriados.
  4158 | D:5      | Found an opulent altar of Gozag.
  4164 | D:5      | Found a basalt altar of Yredelemnul.
  4396 | D:6      | Noticed Dowan
  4397 | D:6      | Noticed Duvessa
  4424 | D:6      | Killed Dowan
  4475 | D:6      | Found a staircase to the Ecumenical Temple.
  4610 | D:6      | Killed Duvessa
  4610 | D:6      | Reached skill level 11 in Maces & Flails
  4894 | D:6      | Got a twitching wooden ring
  5061 | D:6      | Found a burning altar of Makhleb.
  5223 | D:7      | Noticed Pikel
  5245 | D:7      | Killed Pikel
  5245 | D:7      | Reached *** piety under Okawaru
  5245 | D:7      | Reached skill level 12 in Maces & Flails
  5245 | D:7      | Reached XP level 8. HP: 56/62 MP: 7/7
  5318 | D:7      | Reached **** piety under Okawaru
  5318 | D:7      | Received a gift from Okawaru
  5318 | D:7      | Reached skill level 1 in Armour
  5382 | D:7      | Noticed Menkaure
  5391 | D:7      | Killed Menkaure
  5657 | D:7      | Reached skill level 13 in Maces & Flails
  5944 | D:8      | Received a gift from Okawaru
  6022 | D:8      | Reached XP level 9. HP: 71/71 MP: 8/8
  6316 | D:8      | Noticed Gastronok
  6363 | D:8      | Killed Gastronok
  6363 | D:8      | Received a gift from Okawaru
  6363 | D:8      | Reached ***** piety under Okawaru
  6363 | D:8      | Reached skill level 14 in Maces & Flails
  6363 | D:8      | Reached XP level 10. HP: 29/86 MP: 7/9
  6569 | D:8      | Identified the ring "Riet" {rPois Int+4} (You found it on level 6 of the Dungeon)
  6676 | D:8      | Received a gift from Okawaru
  7348 | D:9      | Found an opulent altar of Gozag.
  7433 | D:9      | Received a gift from Okawaru
  7991 | D:9      | Found a staircase to the Orcish Mines.
  8027 | D:9      | Found a roughly hewn altar of Beogh.
  8518 | D:9      | Received a gift from Okawaru
  8530 | D:9      | Identified a +2 pair of boots of running (Okawaru gifted it to you on level 9 of the Dungeon)
  8604 | D:10     | Entered Level 10 of the Dungeon
  8797 | D:10     | Noticed a hill giant
  8816 | D:10     | Killed a hill giant
  9048 | D:10     | Found a staircase to the Lair.
  9054 | D:10     | Noticed a hill giant
  9066 | D:10     | Killed a hill giant
  9066 | D:10     | Reached skill level 15 in Maces & Flails
  9066 | D:10     | Reached XP level 11. HP: 97/97 MP: 10/10
  9186 | Lair:1   | Entered Level 1 of the Lair of Beasts
  9265 | Lair:1   | Reached skill level 1 in Invocations
  9498 | Lair:1   | Reached skill level 10 in Fighting
  9794 | Lair:1   | Received a gift from Okawaru
  9856 | Lair:1   | Reached skill level 10 in Armour
 10218 | Lair:1   | Noticed a seven-headed hydra
 10224 | Lair:1   | Killed a seven-headed hydra
 10224 | Lair:1   | Received a gift from Okawaru
 10896 | Lair:2   | Reached ****** piety under Okawaru
 11272 | Lair:2   | Found a frozen archway.
 11295 | Lair:2   | Reached XP level 12. HP: 107/110 MP: 14/14
 11308 | IceCv    | Entered an ice cave
 11476 | IceCv    | Reached skill level 5 in Dodging
 11731 | IceCv    | Reached skill level 5 in Invocations
 11901 | IceCv    | Reached skill level 16 in Maces & Flails
 12142 | IceCv    | Received a gift from Okawaru
 12643 | IceCv    | Noticed a frost giant
 12643 | IceCv    | Noticed a death yak
 12662 | IceCv    | Killed a frost giant
 12668 | IceCv    | Killed a death yak
 12952 | Lair:2   | Noticed an eight-headed hydra
 12962 | Lair:2   | Killed an eight-headed hydra
 12962 | Lair:2   | Received a gift from Okawaru
 13409 | Lair:3   | Reached skill level 1 in Evocations
 13516 | Lair:3   | Noticed Sonja
 13535 | Lair:3   | Killed Sonja
 13736 | Lair:3   | Found a staircase to the Shoals.
 13774 | Lair:3   | Noticed a death yak
 13775 | Lair:3   | Noticed a death yak
 13776 | Lair:3   | Noticed a death yak
 13778 | Lair:3   | Noticed a death yak
 13823 | Lair:3   | Killed a death yak
 13839 | Lair:3   | Reached XP level 13. HP: 91/119 MP: 17/17
 14501 | Lair:3   | Reached skill level 17 in Maces & Flails
 14652 | Lair:4   | Found a hole to the Spider Nest.
 14937 | Lair:4   | Found a labyrinth entrance.
 15034 | Lair:4   | Received a gift from Okawaru
 15587 | Lair:5   | Identified a +2 rod of ignition (11/11) (You found it on level 5 of the Lair of Beasts)
 15862 | Lair:5   | You fall through a shaft!
 15862 | Lair:6   | Entered Level 6 of the Lair of Beasts
 15903 | Lair:5   | HP: 2/119 [acid (12)]
 15903 | Lair:5   | Splashed by an oklob plant's acid

Vault maps used:
D:1:      minmay_arrival_arboretum_small, roderic_lattice_a
D:2:      first_bread, okawaru_gym_becter
D:3:      minmay_rats_cheesy_pizza
D:4:      enter_ossuary_3
D:5:      minitemple, serial_shops, shop
D:6:      kennysheep_six_static_rooms, kennysheep_little_box, uniq_duvessa
D:7:      uniq_pikel, uniq_menkaure
D:8:      uniq_gastronok
D:9:      minmay_orc_entry_temple_small, basic_altar, hangedman_fish_farm
D:10:     lair_0_dummy
Lair:1:   grunt_forest_large_clearings, infiniplex_staircase_pool_2,
          grunt_megastairs_5
Lair:2:   portal_ice_cave_entry_imps, lemuel_fruit_fields, grunt_megastairs_2
Lair:3:   minmay_shoals_entry_lonely_mermaid, uniq_sonja
Lair:4:   spider_nest_entry_a, lab_entry_generic
Lair:5:   dpeg_oklob_gauntlet, uniq_snorg
Lair:6:   grunt_lair_end_beastmaster, slime_altar_1
Ossuary:  ossuary_tomb_1
IceCv:    ice_cave_caverns_02

Skill      XL: |  1  2  3  4  5  6  7  8  9 10 11 12 13 |
---------------+----------------------------------------+-----
Maces & Flails | 4 5 6 8 9 12 13 14 15 16 17 | 17.2
Armour         | 3 6 9 10 | 10.6
Fighting       | 4 7 9 11 12 | 12.7
Invocations    | 4 7 |  7.6
Dodging        | 4 7 8 |  8.3
Evocations     | 1 3 |  3.8
Throwing       | |  2.0

Action                   |  1- 3 |  4- 6 |  7- 9 | 10-12 | 13-15 || total
-------------------------+-------+-------+-------+-------+-------++-------
Melee: Flail             |    76 |   211 |   115 |    43 |       ||   445
       Headbutt          |    13 |    42 |    40 |   160 |    36 ||   291
       Dire flail        |       |       |       |   627 |   164 ||   791
Throw: Stone             |     1 |       |     5 |       |       ||     6
       Throwing net      |       |       |     5 |       |       ||     5
       Javelin           |       |       |       |    20 |     3 ||    23
Invok: Heroism           |       |       |     1 |     4 |       ||     5
Evoke: Wand              |       |       |       |     5 |       ||     5
       Rod               |       |       |       |     2 |     3 ||     5
  Use: Scroll            |       |     4 |       |    10 |     9 ||    23
       Potion            |       |     2 |     2 |     2 |     6 ||    12
 Stab: Held in net/web   |       |       |     1 |       |       ||     1
  Eat: Chunk             |     2 |     7 |     6 |    25 |     6 ||    46
       Beef jerky        |       |       |     1 |       |       ||     1
       Fruit             |       |       |       |     2 |       ||     2
Armor: Leather armour    |    24 |     2 |       |       |       ||    26
       Chain mail        |       |    77 |    27 |   282 |       ||   386
       Ring mail         |       |     1 |       |       |       ||     1
       Scale mail        |       |       |       |    15 |    56 ||    71
Dodge: Dodged            |    54 |    84 |    42 |   264 |    95 ||   539
